 Dungeon Crawl Stone Soup version 0.20.1-1-g8b1a95d (webtiles) character file.

811 tidbits the Insei (level 7, -9/51 HPs)
             Began as a Demigod Transmuter on Aug 20, 2017.
             Mangled by an ice beast (10 damage)
             ... on level 6 of the Dungeon.
             The game lasted 00:16:09 (1632 turns).

tidbits the Insei (Demigod Transmuter)              Turns: 1632, Time: 00:16:10

Health: -9/51      AC:  3    Str: 13    XL:     7   Next: 34%
Magic:  5/13       EV: 12    Int: 24    God:
Gold:   281        SH:  0    Dex: 16    Spells: 4/10 levels left

rFire    . . .     SeeInvis .     - Unarmed
rCold    . . .     Gourm    .   (no shield)
rNeg     . . .     Faith    .   b - +1 robe
rPois    .         Spirit   .   (no helmet)
rElec    .         Reflect  .   (no cloak)
rCorr    .         Harm     .   (no gloves)
MR       .....                  (no boots)
Stlth    +.........             (no amulet)
Regen    0.2/turn               j - +3 ring of intelligence
MPRegen  0.2/turn               (no ring)

@: very slightly contaminated
A: high mp 1
a: no special abilities


You were on level 6 of the Dungeon.
You were hungry.

You visited 1 branch of the dungeon, and saw 6 of its levels.

You collected 281 gold pieces.

Inventory:

Missiles
 a - 48 arrows
 g - 11 curare-tipped needles
 n - a throwing net (quivered) {!f}
Armour
 b - a +1 robe (worn)
 p - a +0 scale mail
Jewellery
 j - a +3 ring of intelligence (left hand)
   (You found it on level 1 of the Dungeon)
Wands
 m - a wand of random effects (27/48)
Scrolls
 e - a scroll of fear {unknown}
 i - a scroll of teleportation {unknown}
 k - a scroll of noise {unknown}
 o - a scroll of enchant armour
 r - 4 scrolls of remove curse
 t - a scroll of identify
 u - a scroll of fog
 y - a scroll of enchant weapon {unknown}
Potions
 h - a potion of magic
 q - a potion of curing
 v - a potion of heal wounds {unknown}
 x - a potion of ambrosia {unknown}
 z - a potion of mutation {unknown}
 B - a potion of lignification {unknown}
Books
 c - a book of Changes

   Spells                             Type                      Level
   a - Beastly Appendage              Transmutation                1
   b - Sticks to Snakes               Transmutation                2
   c - Spider Form                    Transmutation/Poison         3
   d - Ice Form                       Ice/Transmutation            4
   e - Blade Hands                    Transmutation                5
 s - a book of Callings
   (You found it on level 5 of the Dungeon)

   Spells                             Type                      Level
   a - Summon Small Mammal            Summoning                    1
   b - Call Imp                       Summoning                    2
   c - Call Canine Familiar           Summoning                    3
   d - Summon Guardian Golem          Hexes/Summoning              3
   e - Summon Lightning Spire         Summoning/Air                4
   f - Summon Ice Beast               Ice/Summoning                4
 w - a book of Maledictions
   (You found it on level 5 of the Dungeon)

   Spells                             Type                      Level
   a - Corona                         Hexes                        1
   b - Ensorcelled Hibernation        Hexes/Ice                    2
   c - Confuse                        Hexes                        3
   d - Tukima's Dance                 Hexes                        3
   e - Dazzling Spray                 Conjuration/Hexes            3
Comestibles
 d - a bread ration
 f - 2 fruits
 A - 6 chunks of flesh


   Skills:
 - Level 0.8 Fighting
 - Level 1.7 Dodging
 * Level 7.0 Unarmed Combat
 - Level 2.3 Spellcasting
 + Level 4.3 Transmutations


You had 4 spell levels left.
You knew the following spells:

 Your Spells              Type           Power        Failure   Level  Hunger
e - Beastly Appendage     Tmut           ###...       1%          1    None
k - Sticks to Snakes      Tmut           ###.....     3%          2    ##.....
p - Spider Form           Tmut/Pois      ##........   14%         3    ###....


Dungeon Overview and Level Annotations

Branches:
Dungeon (6/15)             Temple (0/1) D:4

Shops:
D:6 [


Innate Abilities, Weirdness & Mutations

You have an increased reservoir of magic. (+10% MP)


Message History

Casting: Sticks to Snakes
Confirm with . or Enter, or press ? or * to list all spells.
You turn into a venomous arachnid creature.
Your +0 robe melds into your body.
You see here 12 gold pieces.
You now have 281 gold pieces (gained 12).
An ice beast comes into view.
Your transformation is almost over.
Casting: Spider Form
Confirm with . or Enter, or press ? or * to list all spells.
You don't have enough magic to cast that spell.
You hit the ice beast.
The ice beast is poisoned.
The ice beast is lightly wounded.
Your ball python closely misses the ice beast.
You hit the ice beast.
The ice beast is lightly wounded.
Your ball python misses the ice beast.
The ice beast misses you.
You barely miss the ice beast.
The ice beast is moderately wounded.
The ice beast barely misses you.
You hit the ice beast.
The ice beast is heavily wounded.
Your ball python bites the ice beast but does no damage. x2
The ice beast misses you.
You bite the ice beast!
The ice beast is severely wounded.
Your ball python closely misses the ice beast.
Your ball python bites the ice beast but does no damage.
The ice beast hits you.
* * * LOW HITPOINT WARNING * * *
The ice beast freezes you!
* * * LOW HITPOINT WARNING * * *
Your ball python bites the ice beast.
You bite the ice beast!
You kill the ice beast!
Your Unarmed Combat skill increases to level 7!
Your transformation has ended.
Your +0 robe unmelds from your body.
Your ball python withers and dies!
Found 14 stones and a leather armour.
A worker ant comes into view.
Found a stone staircase leading up.
Casting: Spider Form
Confirm with . or Enter, or press ? or * to list all spells.
You turn into a venomous arachnid creature.
Your +0 robe melds into your body.
Unknown command.
The worker ant waves its antennae.
Some of the chunks of flesh in your inventory have rotted away.
Found a stone staircase leading down.
You hit the worker ant.
The worker ant is poisoned.
The worker ant is lightly wounded.
Your ball python bites the worker ant but does no damage.
Your ball python grabs the worker ant.
Your ball python constricts the worker ant.
The worker ant misses you.
You hit the worker ant.
The worker ant looks as sick as possible!
The worker ant is moderately wounded.
Your ball python bites the worker ant.
Your ball python constricts the worker ant.
The worker ant barely misses you.
A worker ant and an orc wizard come into view.
You kill the worker ant!
The orc priest calls down the wrath of Beogh upon you.
Beogh smites you!
* * * LOW HITPOINT WARNING * * *
You hear the rusting of a distant drain.
A worker ant comes into view.
The orc wizard casts a spell at you. The magic dart hits your ball python.
Your ball python dies!
Found a scroll of identify.
The worker ant twitches its antennae in your direction.
You see here a scroll of identify.
t - a scroll of identify Your transformation is almost over.
Blink to where?
Press: ? - help, Dir - move target cursor You are very lightly contaminated with residual magic.
As you read the scroll of blinking, it crumbles to dust.
An ice beast comes into view.
Your transformation has ended.
Your +0 robe unmelds from your body.
The ice beast hits you.
* * * LOW HITPOINT WARNING * * *
The ice beast freezes you.
* * * LOW HITPOINT WARNING * * *
You are feeling hungry.
Blink to where?
Press: ? - help, Dir - move target cursor
As you read the scroll of blinking, it crumbles to dust.
As you read the scroll labeled GEBRUE FUWKU, it crumbles to dust.
It is a scroll of enchant armour.
Your +0 robe glows green for a moment.
As you read the scroll labeled ZEFECOUMEU, it crumbles to dust.
The scroll dissolves into smoke.
It was a scroll of fog.
The ice beast hits you.
* * * LOW HITPOINT WARNING * * *
The ice beast freezes you!
You die...

##### ###
.....
#.### ###
#####
#§#..###§#
#§#.#.#.##
#@#.....#
#Y####..#
#§§.....#
#######.#
###.#
#...# ##
#.### ..
#.# #.#


You could see an ice beast.

Vanquished Creatures
  An ice beast (D:6)
  A centaur (D:6)
  2 scorpions (D:6)
  A howler monkey (D:4)
  A crimson imp (D:6)
  An orc priest (D:6)
  A centaur zombie (D:6)
  2 orc wizards
  Terence (D:3)
  2 worker ants (D:6)
  A howler monkey zombie (D:5)
  A worker ant zombie (D:5)
  5 adders
  A worm (D:2)
  A dart slug (D:1)
  A leopard gecko (D:3)
  4 orcs
  4 bats
  3 giant cockroaches
  5 goblins
  4 hobgoblins
  10 jackals
  2 quokkas (D:6)
  3 ball pythons
  3 frilled lizards
  5 kobolds
  A leopard gecko skeleton (D:5)
  7 rats
74 creatures vanquished.

Vanquished Creatures (collateral kills)
  An ogre (D:6)
  A centaur (D:5)
  An iguana (D:6)
  A howler monkey zombie (D:6)
  An adder (D:2)
  An orc (D:3)
  A bat (D:2)
  A hobgoblin (D:2)
  2 jackals (D:3)
  A quokka (D:3)
  A goblin (D:2)
  A quokka skeleton (D:6)
13 creatures vanquished.

Grand Total: 87 creatures vanquished

Notes
Turn   | Place    | Note
-------+----------+-------------------------------------------
     0 | D:1      | tidbits the Demigod Transmuter began the quest for the Orb.
     0 | D:1      | Reached XP level 1. HP: 15/15 MP: 5/5
    61 | D:1      | Reached skill level 3 in Unarmed Combat
   166 | D:1      | Reached XP level 2. HP: 13/22 MP: 5/7
   170 | D:1      | Learned a level 2 spell: Sticks to Snakes
   416 | D:2      | You fall through a shaft for 2 floors!
   429 | D:4      | Noticed a howler monkey
   434 | D:4      | Found a staircase to the Ecumenical Temple.
   440 | D:4      | Killed a howler monkey
   440 | D:4      | Reached skill level 4 in Unarmed Combat
   440 | D:4      | Reached XP level 3. HP: 16/27 MP: 4/8
   456 | D:3      | Noticed an orc warrior
   503 | D:3      | Noticed Terence
   519 | D:3      | Reached skill level 2 in Spellcasting
   527 | D:3      | HP: 1/27 [Terence/mace (4)]
   534 | D:3      | Killed Terence
   534 | D:3      | Reached XP level 4. HP: 7/34 MP: 6/10
   543 | D:3      | Learned a level 3 spell: Spider Form
   773 | D:2      | Reached skill level 2 in Transmutations
   959 | D:5      | Entered Level 5 of the Dungeon
  1047 | D:5      | Reached XP level 5. HP: 24/39 MP: 5/11
  1222 | D:5      | Noticed a centaur
  1241 | D:5      | Killed a centaur
  1241 | D:5      | Reached skill level 5 in Unarmed Combat
  1308 | D:6      | Noticed an ogre
  1316 | D:6      | Killed an ogre
  1316 | D:6      | Reached skill level 3 in Transmutations
  1316 | D:6      | Reached XP level 6. HP: 46/46 MP: 6/12
  1327 | D:6      | Found a sacrificial altar of Ru.
  1400 | D:6      | Reached skill level 6 in Unarmed Combat
  1408 | D:6      | Found a sparkling altar of Nemelex Xobeh.
  1427 | D:6      | HP: 6/69 [crimson imp (2)]
  1432 | D:6      | Reached XP level 7. HP: 4/51 MP: 2/13
  1433 | D:6      | HP: 1/76 [crimson imp (3)]
  1460 | D:6      | Reached skill level 4 in Transmutations
  1534 | D:6      | Found Midiad's Antique Armour Shop.
  1579 | D:6      | Reached skill level 7 in Unarmed Combat
  1621 | D:6      | HP: 2/51 [ice beast (6)]
  1632 | D:6      | HP: 1/51 [ice beast (2)]
  1632 | D:6      | Mangled by an ice beast

Skill      XL: |  1  2  3  4  5  6  7 |
---------------+----------------------+-----
Unarmed Combat | 3 4 5 6 7 |  7.0
Spellcasting   | 2 |  2.3
Transmutations | 2 3 4 |  4.3
Fighting       | |  0.8
Dodging        | |  1.7

Action                   |  1- 3 |  4- 6 |  7- 9 || total
-------------------------+-------+-------+-------++-------
Melee: Unarmed           |    88 |   117 |    21 ||   226
       Kick              |    10 |       |       ||    10
       Punch             |     2 |       |       ||     2
       Headbutt          |     1 |       |       ||     1
 Cast: Beastly Appendage |    17 |     2 |       ||    19
       Sticks to Snakes  |     6 |     9 |     4 ||    19
       Spider Form       |       |    16 |     5 ||    21
  Use: Scroll            |     2 |     3 |     4 ||     9
       Potion            |     1 |     2 |       ||     3
 Stab: Sleeping          |     1 |     2 |       ||     3
       Distracted        |     1 |       |     1 ||     2
       Paralysed         |       |     1 |       ||     1
  Eat: Chunk             |       |     3 |     2 ||     5
       Fruit             |       |     1 |       ||     1
Armor: Robe              |    11 |     5 |       ||    16
       Skin              |       |     3 |       ||     3
Dodge: Dodged            |    43 |   101 |    17 ||   161

Table legend:
 A = Turns spent in this place as a percentage of turns spent in the entire game.
 B = Non-inter-level travel turns spent in this place as a percentage of non-inter-level travel turns spent in the entire game.
 C = Inter-level travel turns spent in this place as a percentage of turns spent in this place.
 D = Turns resting spent in this place as a percentage of non-inter-level travel turns spent in this place.
 E = Turns spent auto-exploring this place as a percentage of non-inter-level travel turns spent in this place.
 F = Non-inter-level travel turns spent in this place divided by the number of levels of this place that you've seen.
                   A       B       C       D       E      F
               +-------+-------+-------+-------+-------+----------------------
         Total | 100.0 | 100.0 |   0.0 |   0.0 |   0.0 | 273.5
       Dungeon | 100.0 | 100.0 |   0.0 |   0.0 |   0.0 | 273.5
               +-------+-------+-------+-------+-------+----------------------

Table legend:
 A = Kills in this place as a percentage of kills in entire the game.
 B = Kills by you in this place as a percentage of kills by you in the entire game.
 C = Kills by friends in this place as a percentage of kills by friends in the entire game.
 D = Other kills in this place as a percentage of other kills in the entire game.
 E = Experience gained in this place as a percentage of experience gained in the entire game.
 F = Experience gained in this place divided by the number of levels of this place that you have seen.
                   A       B       C       D       E      F
               +-------+-------+-------+-------+-------+----------------------
         Total | 100.0 | 100.0 | 100.0 |  -nan | 100.0 | 193.2
       Dungeon | 100.0 | 100.0 | 100.0 |  -nan | 100.0 | 193.2
               +-------+-------+-------+-------+-------+----------------------

Vault maps used:
D:1:      dpeg_arrival_round_c
D:2:      minmay_door_path, uniq_natasha
D:3:      lemuel_coloured_pillars_altar, marbit_many_paths,
          makhleb_heckhound_becter, uniq_terence, uniq_robin
D:4:      minmay_diamond_boxcup, lemuel_round_altar, lemuel_doored_altar,
          minmay_temple_entry_statues_pillars
D:5:      first_bread, hangedman_decor_clover_reticule,
          kennysheep_generic_room_16
D:6:      nicolae_ru_great_annihilating_truth, grunt_qazlal_sundering,
          gup_sewer_entry_bubbles, serial_shops,
          nicolae_shop_temple_entry_statues_fountains, minmay_ruined_shrine
